 Dungeon Sprint DCSS version 0.21.2 (webtiles) character file.

22534 Fang the Severer (level 13, -37/145 HPs)
             Began as a Gargoyle Berserker on Oct 25, 2018.
             Was the Champion of Trog.
             Killed from afar by Mara (56 damage)
             ... with a bolt of fire
             ... in the Dungeon (Sprint VII: "The Pits") on Oct 29, 2018.
             The game lasted 00:10:02 (4265 turns).

Fang the Severer (Gargoyle Berserker)               Turns: 4265, Time: 00:10:02

Health: -37/145    AC: 27    Str: 29    XL:     13   Next: 0%
Magic:  13/13      EV: 19    Int: 13    God:    Trog [******]
Gold:   39         SH:  0    Dex:  9    Spells: 12/12 levels left

rFire    . . .     SeeInvis .   n - +4 executioner's axe (drain)
rCold    . . .     Gourm    .   (shield currently unavailable)
rNeg     + . .     Faith    .   b - +5 ring mail
rPois    ∞         Spirit   .   m - +2 hat
rElec    +         Reflect  .   j - +2 cloak {+Inv}
rCorr    .         Harm     .   (no gloves)
MR       .....     NoTele   +   (no boots)
Stlth    ..........             (no amulet)
HPRegen  0.34/turn              q - +3 ring of intelligence
MPRegen  0.13/turn              t - +3 ring of evasion

@: berserking, starving, very quick
A: negative energy resistance 1, electricity resistance, unbreathing,
petrification resistance, rot immunity, AC +9
a: Berserk, Trog's Hand, Brothers in Arms, Burn Spellbooks, Renounce Religion,
Evoke Invisibility


You were in the Dungeon.
You worshipped Trog.
Trog was exalted by your worship.
You were starving.

You visited 1 branch You collected 39 gold pieces.

Inventory:

Hand Weapons
 n - a +4 executioner's axe of draining (weapon)
 p - a +1 battleaxe of electrocution
 u - a +2 war axe of chopping
 w - a +4 broad axe of freezing
 H - a +7 antimagic broad axe
Armour
 b - a +5 ring mail (worn)
 j - a +2 cloak of invisibility (worn)
 m - a +2 hat (worn)
Jewellery
 q - a +3 ring of intelligence (left hand)
 t - a +3 ring of evasion (right hand)
 E - an uncursed ring of protection from fire
Wands
 o - a wand of random effects (35)
Scrolls
 i - a scroll of blinking
 k - 4 scrolls of remove curse
 l - a scroll of summoning
 x - 4 scrolls of enchant weapon
 y - a scroll of fog
 A - 2 scrolls of enchant armour
 B - 4 scrolls of fear
 D - 2 scrolls of identify
Potions
 a - 2 potions of invisibility
 d - 7 potions of curing
 e - 6 potions of heal wounds
 f - a potion of haste
 g - 4 potions of magic
 h - 4 potions of berserk rage
 r - 3 potions of might
 s - 3 potions of resistance
 z - a potion of brilliance
 C - a potion of agility
Comestibles
 c - 15 rations


   Skills:
 + Level 17.8 Fighting
 + Level 20.1 Axes
 + Level 11.8 Armour
 + Level 10.8 Dodging
 + Level 3.4 Stealth


You had 12 spell levels left.
You didn't know any spells.

Dungeon Overview and Level Annotations

Branches:
Dungeon (1/1)

Altars:
Ashenzari
Cheibriados
Dithmenos
Elyvilon
Fedhas
Gozag
Hepliaklqana
Kikubaaqudgha
Makhleb
Nemelex Xobeh
Okawaru
Qazlal
Ru
Sif Muna
Trog
Uskayaw
Vehumet
Wu Jian
Xom
Yredelemnul
Zin
The Shining One
Beogh
Jiyva
Lugonu

Annotations:
D Mara


Innate Abilities, Weirdness & Mutations

You are resistant to torment.
Your stone body is resilient. (AC +9)
You are immune to poison.
You resist negative energy. (rN+)
You are resistant to electric shocks. (rElec)
You can survive without breathing.
You are immune to petrification.
You are immune to rotting.


Message History

Fang's illusion hits you but does no damage.
The green draconian closely misses you. The green draconian barely misses you.
Mara misses you.
Unknown command.
You hit Fang's illusion.
Fang's illusion is lightly damaged.
You hit the green draconian. You slice Mara!! You miss Mara.
Your cyclops hits Mara!
Mara blinks!
Fang's illusion closely misses you.
Unknown command.
You are starving!
You hit Fang's illusion but do no damage.
Fang's illusion is lightly damaged.
You hit the green draconian but do no damage.
You drain the green draconian! You barely miss Mara.
The green draconian hits you with a halberd.
* * * LOW HITPOINT WARNING * * *
The green draconian misses you. Mara barely misses you. Mara gestures at you.
The bolt of fire misses Mara.
The bolt of fire hits you!
You die...

+..#....#..# +..........#
#..........#
#######..#....#..#
.....''....R.....#
.....''..........#####++###
###..##..#...R#..##.......#
#..##......C.R@d'..).....
#..##........§@''........
#..####''####++##########
#..####''####++#############
#..##......##....).)).......
###..##.#'##.##(.....)).......
.....##.#..+.##..#############
.....##.)).# ##..#
#######)#.[+ #..# #######.'[.#
#..#


You could see 3 Maras, a green draconian, Fang's illusion and a friendly cyclops
(berserk).

Vanquished Creatures
  A deep elf blademaster (D)
  Gastronok (D)
  A deep elf demonologist (D)
  A minotaur (D)
  A merfolk impaler (D)
  An alligator snapping turtle (D)
  A death yak (D)
  A shadow wraith (D)
  A death drake (D)
  4 deep trolls (D)
  A wizard (D)
  A wolf spider (D)
  2 deep elf magi (D)
  A black mamba (D)
  An elephant (D)
  A spiny frog (D)
  An orange demon (D)
  A komodo dragon (D)
  A demonic crawler (D)
  A rime drake (D)
  A freezing wraith (D)
  A wandering mushroom (D)
  4 merfolk (D)
  A troll (D)
  2 polar bears (D)
  2 tyrant leeches (D)
  A snapping turtle (D)
  5 dream sheep (D)
  A flying skull (D)
  2 ynoxinuls (D)
  7 yaks (D)
  A redback (D)
  A shadow (D)
  3 wraiths (D)
  A wyvern (D)
  A soldier ant (D)
  A floating eye (D)
  A sky beast (D)
  A black bear (D)
  3 centaurs (D)
  A crocodile (D)
  A gnoll sergeant (D)
  A bullfrog (D)
  A scorpion (D)
  An iron imp (D)
  Ijyb (D)
  Terence (D)
  2 worker ants (D)
  A hell rat (D)
  4 gnolls (D)
  A river rat (D)
  2 white imps (D)
  An ooze (D)
  3 orcs (D)
  A bat (D)
  2 bat skeletons (D)
  A bat zombie (D)
  A goblin (D)
  2 jackals (D)
  A ball python skeleton (D)
  2 frilled lizards (D)
95 creatures vanquished.

Vanquished Creatures (collateral kills)
  A red draconian (D)
  Josephine (D)
  A swamp dragon (D)
  A smoke demon (D)
  3 wraiths (D)
  A chaos spawn (D)
  An iron imp (D)
  A bat skeleton (D)
10 creatures vanquished.

Grand Total: 105 creatures vanquished

Notes
Turn   | Place    | Note
-------+----------+-------------------------------------------
     0 | D        | Fang the Gargoyle Berserker began the quest for the Orb.
     0 | D        | Reached XP level 1. HP: 14/14 MP: 1/1
    22 | D        | Found a bloodstained altar of Trog.
    22 | D        | Found a deep blue altar of Sif Muna.
    22 | D        | Found a viscous altar of Jiyva.
    22 | D        | Found a hazy altar of Hepliaklqana.
    22 | D        | Found an opulent altar of Gozag.
    23 | D        | Found a glowing golden altar of the Shining One.
    23 | D        | Found a glowing silver altar of Zin.
    23 | D        | Found a basalt altar of Yredelemnul.
    23 | D        | Found a shimmering altar of Xom.
    23 | D        | Found an ornate altar of the Wu Jian Council.
    23 | D        | Found a sacrificial altar of Ru.
    23 | D        | Found a stormy altar of Qazlal.
    23 | D        | Found an iron altar of Okawaru.
    23 | D        | Found a sparkling altar of Nemelex Xobeh.
    23 | D        | Found a burning altar of Makhleb.
    23 | D        | Found a blossoming altar of Fedhas.
    23 | D        | Found a white marble altar of Elyvilon.
    23 | D        | Found a shadowy altar of Dithmenos.
    23 | D        | Found a snail-covered altar of Cheibriados.
    58 | D        | Reached skill level 3 in Axes
    60 | D        | Reached ** piety under Trog
   126 | D        | Noticed a floating eye
   127 | D        | Reached XP level 2. HP: 20/20 MP: 2/2
   131 | D        | Reached *** piety under Trog
   131 | D        | Killed a floating eye
   131 | D        | Reached skill level 5 in Axes
   131 | D        | Reached XP level 3. HP: 21/28 MP: 3/3
   131 | D        | Reached XP level 4. HP: 26/34 MP: 4/4
   132 | D        | Reached XP level 5. HP: 29/38 MP: 5/5
   332 | D        | Noticed a deep elf mage
   332 | D        | Noticed a deep elf mage
   332 | D        | Noticed Terence
   333 | D        | Noticed Ijyb
   337 | D        | Reached skill level 6 in Axes
   339 | D        | Reached **** piety under Trog
   342 | D        | Killed a deep elf mage
   342 | D        | Reached skill level 10 in Fighting
   342 | D        | Reached skill level 9 in Axes
   342 | D        | Reached skill level 5 in Armour
   342 | D        | Reached skill level 5 in Dodging
   342 | D        | Reached XP level 6. HP: 48/48 MP: 6/6
   342 | D        | Reached XP level 7. HP: 52/53 MP: 7/7
   342 | D        | Killed Terence
   343 | D        | Killed a deep elf mage
   343 | D        | Reached ***** piety under Trog
   343 | D        | Reached skill level 10 in Axes
   343 | D        | Reached XP level 8. HP: 60/60 MP: 8/8
   345 | D        | Killed Ijyb
   459 | D        | Noticed a rime drake
   470 | D        | Killed a rime drake
   530 | D        | Received a gift from Trog
   642 | D        | Noticed an orange demon
   642 | D        | Noticed a deep troll
   650 | D        | Killed a deep troll
   650 | D        | Reached skill level 11 in Axes
   650 | D        | Reached XP level 9. HP: 67/67 MP: 9/9
   655 | D        | Killed an orange demon
   982 | D        | Found a radiant altar of Vehumet.
   982 | D        | Found a corrupted altar of Lugonu.
   982 | D        | Found a roughly hewn altar of Beogh.
   983 | D        | Found a hide-covered altar of Uskayaw.
   983 | D        | Found an ancient bone altar of Kikubaaqudgha.
   983 | D        | Found a shattered altar of Ashenzari.
  1005 | D        | Noticed a deep troll
  1016 | D        | Killed a deep troll
  1016 | D        | Reached ****** piety under Trog
  1016 | D        | Received a gift from Trog
  1016 | D        | Reached skill level 12 in Axes
  1052 | D        | Noticed a tyrant leech
  1434 | D        | Killed a tyrant leech
  1738 | D        | Noticed Gastronok
  1744 | D        | Received a gift from Trog
  1756 | D        | Killed Gastronok
  1756 | D        | Reached skill level 14 in Axes
  1756 | D        | Reached skill level 1 in Stealth
  1756 | D        | Reached XP level 10. HP: 76/76 MP: 10/10
  1887 | D        | Received a gift from Trog
  1968 | D        | Noticed Josephine
  1968 | D        | Noticed a smoke demon
  1971 | D        | Reached skill level 10 in Armour
  1991 | D        | HP: 1/76 [Josephine/ghostly fireball (9)]
  1995 | D        | Killed Josephine
  1996 | D        | Killed a smoke demon
  1997 | D        | Received a gift from Trog
  1997 | D        | Reached skill level 15 in Axes
  1998 | D        | Reached skill level 15 in Fighting
  1998 | D        | Reached XP level 11. HP: 25/81 MP: 11/11
  2247 | D        | Received a gift from Trog
  2303 | D        | Noticed a deep troll
  2309 | D        | Killed a deep troll
  2310 | D        | Received a gift from Trog
  2462 | D        | Noticed a deep troll
  2475 | D        | Killed a deep troll
  2475 | D        | Reached skill level 16 in Axes
  2477 | D        | Received a gift from Trog
  2870 | D        | Received a gift from Trog
  2886 | D        | Noticed an alligator snapping turtle
  2888 | D        | Reached skill level 17 in Axes
  2893 | D        | Killed a shadow wraith
  2900 | D        | Killed an alligator snapping turtle
  3052 | D        | Received a gift from Trog
  3052 | D        | Reached XP level 12. HP: 80/89 MP: 12/12
  3127 | D        | Noticed a minotaur
  3134 | D        | Killed a minotaur
  3134 | D        | Reached skill level 18 in Axes
  3134 | D        | Reached skill level 10 in Dodging
  3326 | D        | Received a gift from Trog
  3408 | D        | Noticed a death yak
  3418 | D        | Killed a death yak
  3502 | D        | Noticed a merfolk impaler
  3508 | D        | Received a gift from Trog
  3523 | D        | Killed a merfolk impaler
  3523 | D        | Reached skill level 19 in Axes
  3527 | D        | Received a gift from Trog
  3853 | D        | Noticed a deep elf blademaster
  3853 | D        | Noticed a deep elf demonologist
  3854 | D        | Noticed a Hell Sentinel
  3862 | D        | Killed a deep elf blademaster
  3872 | D        | Noticed a Brimstone Fiend
  3874 | D        | Killed a deep elf demonologist
  3876 | D        | Reached skill level 20 in Axes
  3877 | D        | HP: 4/92 [swamp dragon (7)]
  4243 | D        | Noticed a green draconian
  4243 | D        | Noticed a red draconian
  4244 | D        | Noticed Mara
  4246 | D        | Noticed Fang's illusion
  4251 | D        | Killed a red draconian
  4251 | D        | Received a gift from Trog
  4251 | D        | Reached XP level 13. HP: 97/97 MP: 13/13
  4265 | D        | Killed from afar by Mara

Skill      XL: |  1  2  3  4  5  6  7  8  9 10 11 12 |
---------------+-------------------------------------+-----
Axes           | 3 5 9 10 11 14 15 17 20 | 20.1
Fighting       | 4 7 10 11 12 14 15 16 17 | 17.8
Dodging        | 2 3 5 6 7 8 9 10 | 10.8
Armour         | 3 5 6 7 9 10 11 | 11.8
Stealth        | 1 2 3 |  3.4

Action                   |  1- 3 |  4- 6 |  7- 9 | 10-12 | 13-15 || total
-------------------------+-------+-------+-------+-------+-------++-------
Melee: Hand axe          |    17 |     9 |    28 |       |       ||    54
       Battleaxe         |       |       |    11 |       |       ||    11
       War axe           |       |       |    41 |       |       ||    41
       Executioner's axe |       |       |       |   192 |     8 ||   200
Invok: Berserk           |     1 |     1 |     4 |     5 |     1 ||    12
       Brothers in Arms  |       |       |     1 |     3 |     1 ||     5
  Use: Potion            |       |       |       |     5 |     2 ||     7
  Eat: Chunk             |       |       |     8 |    14 |       ||    22
Armor: Animal skin       |     9 |       |       |       |       ||     9
       Chain mail        |       |     5 |    15 |       |       ||    20
       Ring mail         |       |       |    12 |   121 |     5 ||   138
Dodge: Dodged            |    22 |     2 |    41 |   276 |    19 ||   360
